 Dungeon Crawl Stone Soup version 0.17.1-2-g5865329 (webtiles) character file.

220 Mysteryquy the Magician (level 5, -7/28 HPs)
             Began as a Deep Elf Ice Elementalist on Jan 11, 2016.
             Mangled by an orc warrior
             ... wielding a +0 long sword
              (19 damage)
             ... on level 6 of the Dungeon.
             The game lasted 00:08:06 (3768 turns).

Mysteryquy the Magician (Deep Elf Ice Elementalist) Turns: 3768, Time: 00:08:07

Health: -7/28      AC:  2    Str:  5    XL:     5   Next: 64%
Magic:  24/24      EV:  8    Int: 21    God:
Gold:   299        SH:  0    Dex: 15    Spells: 3 memorised, 9 levels left

rFire  + . .     SeeInvis .     r - staff of fire
rCold  + . .     Clarity  .     a - +0 robe
rNeg   . . .     SustAt   .     (no shield)
rPois  .         Gourm    .     (no helmet)
rElec  .         Spirit   .     (no cloak)
rCorr  .         Warding  .     (no gloves)
rMut   .         Stasis   .     (no boots)
MR     .....                    p - amulet of regeneration
Stlth  ++........               s - ring of magical power
                                k - ring of protection from cold

@: not resistant to hostile enchantments, unstealthy
A: no striking features
a: no special abilities


You were on level 6 of the Dungeon.
You were very hungry.

You visited 1 branch of the dungeon, and saw 6 of its levels.

You collected 299 gold pieces.

Inventory:

Hand Weapons
 l - a +1 whip
Armour
 a - a +0 robe (worn)
Magical Staves
 r - an uncursed staff of fire (weapon)
Jewellery
 k - a ring of protection from cold (left hand)
 m - a cursed ring of teleportation {unknown}
 p - an amulet of regeneration (around neck)
 q - a cursed ring of loudness {unknown}
 s - a ring of magical power (right hand)
 t - an uncursed ring of flight {unknown}
Wands
 n - a wand of digging (12)
Scrolls
 e - 7 scrolls of identify
 i - a scroll of recharging
 u - a scroll of amnesia
Potions
 d - a potion of poison {unknown}
 g - a potion of flight {unknown}
 o - a potion of curing
Books
 b - a book of Frost

   Spells                             Type                      Level
   a - Freeze                         Ice                          1
   b - Throw Frost                    Conjuration/Ice              2
   c - Ozocubu's Armour               Charms/Ice                   3
   d - Throw Icicle                   Conjuration/Ice              4
   e - Summon Ice Beast               Ice/Summoning                4
   f - Condensation Shield            Ice                          4
 j - a book of Fire

   Spells                             Type                      Level
   a - Ignite Poison                  Fire/Transmutation/Poison    3
   b - Fireball                       Conjuration/Fire             5
   c - Bolt of Fire                   Conjuration/Fire             6
   d - Delayed Fireball               Conjuration/Fire             7
   e - Ring of Flames                 Charms/Fire                  7
Comestibles
 c - 2 bread rations
 f - 2 beef jerkies
 h - 2 meat rations


   Skills:
 + Level 3.1 Dodging
 - Level 2.4 Stealth
 + Level 5.7 Spellcasting
 + Level 1.1 Conjurations
 + Level 5.4 Ice Magic


You had 9 spell levels left.
You knew the following spells:

 Your Spells              Type           Power        Failure   Level  Hunger
a - Freeze                Ice            ##..         1%          1    None
b - Ozocubu's Armour      Chrm/Ice       #.......     12%         3    ##.....
c - Throw Frost           Conj/Ice       #.....       4%          2    None


Dungeon Overview and Level Annotations

Branches:
Dungeon (6/15)
 Temple: D:4-7

Altars:
Okawaru
Qazlal
Trog

Annotations:
D:5 Pikel


Message History

Aim: an orc warrior, wielding a long sword, wearing a chain mail and wearing a shield You feel a numb sensation.
The puff of frost hits the orc warrior.
The orc warrior is lightly wounded.
An orc warrior is nearby!
Read which item? (? for menu, Esc to quit)
Okay, then.
The slave shouts!
There is a stone staircase leading down here.
Magic restored.
The slave shouts! x2
The orc warrior hits you with a long sword!!
Ouch! That really hurt!
You climb downwards.
Found five items.
Found a stone staircase leading up and a stone staircase leading down.
There is a stone staircase leading up here.
There is a stone staircase leading up here.
The orc warrior hits you with a long sword!!
Ouch! That really hurt!
You die...

#...........
[.......... #
#.......... #.
##..........
#..###...........
.....?..........
###.............
#)....?o@..#
#.....<...##
##..###...# #..
#.....# .
##>..#.♣ .....#.#
.#...# # # #$..#
#...


You could see an orc warrior.

Vanquished Creatures
  A slave (D:4)
  A scorpion (D:4)
  2 worker ants
  5 adders
  An ooze (D:1)
  2 worms (D:3)
  4 orcs
  2 ball pythons (D:3)
  6 bats
  3 giant cockroaches
  4 hobgoblins
  3 jackals (D:2)
  3 quokkas
  3 giant geckos
  5 giant newts
  9 goblins
  6 kobolds
  7 rats
67 creatures vanquished.

Notes
Turn   | Place    | Note
--------------------------------------------------------------
     0 | D:1      | Mysteryquy the Deep Elf Ice Elementalist began the quest for the Orb.
     0 | D:1      | Reached XP level 1. HP: 10/10 MP: 6/6
   328 | D:1      | Reached XP level 2. HP: 7/15 MP: 5/8
  1056 | D:2      | Reached skill level 4 in Ice Magic
  1171 | D:2      | Reached XP level 3. HP: 19/19 MP: 4/10
  1690 | D:2      | Found a bloodstained altar of Trog.
  1691 | D:2      | Found an iron altar of Okawaru.
  1693 | D:2      | Reached XP level 4. HP: 24/24 MP: 9/12
  2070 | D:3      | Found a stormy altar of Qazlal.
  2676 | D:3      | Reached skill level 5 in Spellcasting
  2758 | D:4      | Reached skill level 5 in Ice Magic
  2758 | D:4      | Reached XP level 5. HP: 14/28 MP: 14/14
  3521 | D:5      | Entered Level 5 of the Dungeon
  3524 | D:5      | Noticed a phantom
  3550 | D:5      | Noticed Pikel
  3550 | D:5      | Noticed a slave
  3550 | D:5      | Noticed a slave
  3550 | D:5      | Noticed a slave
  3550 | D:5      | Noticed a slave
  3557 | D:4      | Killed a slave
  3669 | D:4      | Learned a level 3 spell: Ozocubu's Armour
  3672 | D:4      | Learned a level 2 spell: Throw Frost
  3730 | D:5      | Noticed an orc warrior
  3730 | D:5      | Noticed an orc warrior
  3768 | D:6      | Mangled by an orc warrior

Action                   |  1- 3 |  4- 6 || total
-------------------------+-------+-------++-------
Melee: Unarmed           |     5 |       ||     5
       Whip              |     2 |    11 ||    13
 Cast: Freeze            |    52 |    60 ||   112
       Throw Frost       |       |     1 ||     1
       Ozocubu's Armour  |       |     1 ||     1
  Use: Scroll            |       |     8 ||     8
 Stab: Sleeping          |     1 |       ||     1
  Eat: Chunk             |     2 |     4 ||     6
       Pizza             |       |     1 ||     1
